AoeStats
← slunty

Migration

507802713Analyzed
1v1 RM · 12d ago on Sep 19, 2026· 57m 41s· 2 players
Game mode
Random Map
Map size
132×132
Population
200
Speed
Normal
Resources
Standard
Victory
Conquest
Starting age
Dark Age
Ending age
Imperial Age
RankedLock teamsTeams togetherTeam positionsShared explorationLock speedFull tech treeHidden civsTurbo modeCheats
Victory
Defeat
🇳🇨 Spanish · New Caledonia
491
+19
🇺🇸 Franks · United States
551
-35
jono
10:07 Loom
11:56 Feudal Age
12:39 Fishing Lines
15:02 Town Watch
15:37 Horse Collar
15:47 Double-Bit Axe
18:26 Castle Age
21:21 Loom
23:12 Ballistics
24:26 Murder Holes
25:04 Fervor
26:07 Masonry
30:30 Wheelbarrow
37:49 Imperial Age
35:34 Gillnets
36:35 Medium Warships
38:12 Stone Mining
38:37 Bow Saw
38:25 Gold Mining
39:24 Heavy Warships
39:16 Fletching
39:26 Padded Archer Armor
40:03 Conscription
39:05 Elite Conquistador
40:34 Hand Cart
40:19 Town Patrol
41:45 Chemistry
42:58 Town Patrol
43:05 Bodkin Arrow
43:25 Leather Archer Armor
45:55 Elite Cannon Galleon
51:21 Two-Man Saw
54:16 Hoardings
slunty
10:02 Loom
12:37 Feudal Age
10:57 Loom
22:24 Castle Age
22:30 Castle Age
21:06 Wheelbarrow
20:28 Double-Bit Axe
20:38 Gold Mining
21:25 Scale Barding Armor
25:30 Husbandry
26:51 Medium Warships
39:02 Chain Barding Armor
38:53 Forging
38:37 Fletching
40:23 Careening
40:25 Clinker Construction
40:37 Ballistics
44:11 Imperial Age
43:01 Fishing Lines
42:50 Demolition Ship
43:28 Stone Mining
47:05 Heavy Warships
46:32 Gillnets
48:29 Heavy Demolition Ship
49:10 Cavalier
52:28 Chemistry
51:38 Siege Engineers
52:02 Carvel Hull
54:39 Elite Throwing Axeman
57:31 Chivalry
57:53 #83
Connection lost

Rejoining the realm…

Still unreachable

The connection could not be restored.

Session expired

The server has moved on; the page needs a fresh start.